AoeStats
← _The_Lion

Arena

505379497Analyzed
1v1 RM · 24d ago on Sep 9, 2026· 37m 16s· 2 players
Game mode
Random Map
Map size
Tiny (2 player)
Population
200
Speed
Normal
Resources
Standard
Victory
Conquest
Starting age
Dark Age
Ending age
Imperial Age
RankedLock teamsTeams togetherTeam positionsShared explorationLock speedFull tech treeHidden civsTurbo modeCheats
Victory
Defeat
🇨🇳 Burgundians · China
1597
+17
🇨🇦 Gurjaras · Canada
1624
-17
hzos6240
7:38 Double-Bit Axe
7:36 Horse Collar
10:53 Feudal Age
15:02 Castle Age
14:17 Bow Saw
15:24 Light Cavalry
21:20 Wheelbarrow
23:04 Heavy Plow
25:17 Hand Cart
25:24 Loom
26:13 Gold Mining
29:24 Imperial Age
28:25 Squires
28:10 Arson
28:36 Town Watch
29:11 Scale Mail Armor
29:22 Forging
29:17 Scale Barding Armor
30:11 Chain Mail Armor
31:24 Cavalier
32:04 Husbandry
32:25 Chain Barding Armor
32:41 Iron Casting
33:45 Plate Barding Armor
33:45 Paladin
34:44 Chain Mail Armor
34:45 Masonry
35:50 Chemistry
37:51 Plate Mail Armor
38:21 Blast Furnace
_The_Lion
10:17 Feudal Age
14:19 Castle Age
14:36 Wheelbarrow
14:32 Light Cavalry
19:00 Husbandry
25:54 Double-Bit Axe
26:02 Horse Collar
28:25 Loom
32:04 Imperial Age
29:44 Scale Mail Armor
33:20 Forging
33:50 Bloodlines
35:46 Iron Casting
35:16 Heavy Camel Rider
36:31 Scale Barding Armor
Connection lost

Rejoining the realm…

Still unreachable

The connection could not be restored.

Session expired

The server has moved on; the page needs a fresh start.